 Dungeon Crawl Stone Soup version 0.31-a0-325-g067879e3d3 (webtiles) character file.

Game seed: 819022303438669520

59 HallandMoats the Sneak (level 3, -7/29 HPs)
             Began as a Demonspawn Brigand on July 19, 2023.
             Killed by divine providence
             ... invoked by an orc priest
              (14 damage)
             ... on level 4 of the Dungeon.
             The game lasted 00:02:08 (856 turns).

HallandMoats the Sneak (Demonspawn Brigand)          Turns: 856, Time: 00:02:08

Health: -7/29      AC:  4    Str: 13    XL:     3   Next: 78%
Magic:  3/3        EV: 12    Int: 12    God:
Gold:   69         SH:  0    Dex: 14    Spells: 2/2 levels left

rFire   . . .        f - +4 war axe (flame)
rCold   . . .        (no shield)
rNeg    . . .        b - +0 robe
rPois   .            (no helmet)
rElec   .            c - +0 cloak
rCorr   .            (no gloves)
SInv    .            i - +0 pair of boots
Will    .....        (no amulet)
Stlth   ++           (no ring)
HPRegen 0.24/turn    (no ring)
MPRegen 0.08/turn

%: no passive effects
@: no status effects
A: foul stench 1, spiny 1
a: no special abilities


You were on level 4 of the Dungeon.
You visited 1 branch of the dungeon, and saw 3 of its levels.

You collected 69 gold pieces.

Inventory:

Hand Weapons
 a - a +2 dagger
 f - a +4 war axe of flaming (weapon)
Missiles
 d - 9 poisoned darts (quivered)
 e - 3 curare-tipped darts
Armour
 b - a +0 robe (worn)
 c - a +0 cloak (worn)
 i - a +0 pair of boots (worn)
Scrolls
 g - 2 scrolls of identify
Potions
 h - a potion of degeneration


   Skills:
 * Level 3.2 Fighting
 - Level 1.7 Short Blades
 - Level 1.7 Throwing
 + Level 1.3 Armour
 + Level 1.7 Dodging
 - Level 3.6 Stealth


You had 2 spell levels left.
You didn't know any spells.
Your spell library was empty.

Dungeon Overview and Level Annotations

Branches:
Dungeon (4/15)
 Temple: D:4-7

Altars:

Annotations:
D:4 Robin


Innate Abilities, Weirdness & Mutations

You may rarely emit foul miasma when damaged in melee.
You are partially covered in sharp spines.


Message History

The goblin no longer looks unusually strong.
Robin roars a battlecry!
The goblin goes into a battle-frenzy!
The goblin hits the bush but does no damage.
The goblin closely misses you.
You hear a shout!
f - a +4 war axe of flaming The goblin hits the bush with a +0 club.
The goblin closely misses you.
Your +4 war axe of flaming bursts into flame!
f - a +4 war axe of flaming (weapon)
The goblin no longer looks unusually strong.
The goblin hits the bush with a +0 club.
Something hits the bush but does no damage.
The goblin is struck by your spines.
You kill the goblin! 2 orcs come into view.
The orc shouts!
The orc hits the bush but does no damage.
The goblin hits the bush but does no damage.
Robin throws the goblin at you!
You completely miss the goblin.
The goblin no longer looks unusually strong.
The goblin hits you with a +0 dagger.
* * * LOW HITPOINT WARNING * * *
The goblin hits the bush but does no damage.
Something hits the bush but does no damage.
A hobgoblin comes into view.
The goblin is struck by your spines.
You kill the goblin!
An endoplasm comes into view.
An orc priest comes into view.
It is wielding a +1 flail of protection.
The goblin hits the bush with a +0 club.
The goblin no longer looks unusually strong.
The goblin hits the bush with a +0 club.
The goblin attacks as you move away! The goblin closely misses you.
The hobgoblin shouts!
The orc priest shouts!
The orc priest invokes the aid of Beogh against you.
Beogh smites you!
You die...

#.....##.# ####
#####..#.....
...##.....##...#
#.#.......#..# .
#...####)....# ..
######...).O).....###...
#.........J###..........
#......o....g...........
.......@g..###.#..###...
..g........#...#.g# .$


PPP.PPPPPPPPP###..# . Po..P.P.g.P.P###.)#### PPP P.PPP.P.Pg.()....#
.J....P...)......# PP PPPgP........# .P.P........# P.P.P........# You could see
an ogre, Robin, an orc priest, an orc, 2 endoplasms, a hobgoblin and 2 goblins.

Vanquished Creatures
  An adder (D:2)
  2 dart slugs (D:1)
  2 bats (D:1)
  7 endoplasms (D:1)
  A giant cockroach (D:1)
  10 goblins
  3 hobgoblins (D:1)
  2 kobolds (D:1)
  2 quokkas (D:1)
  5 ball pythons (D:1)
  2 frilled lizards (D:1)
37 creatures vanquished.

Notes
Turn   | Place    | Note
-------+----------+-------------------------------------------
     0 | D:1      | HallandMoats the Demonspawn Brigand began the quest for the
                  | Orb.
     0 | D:1      | Reached XP level 1. HP: 16/16 MP: 1/1
    35 | D:1      | Reached skill level 1 in Dodging
    39 | D:1      | Found a faded altar of an unknown god.
   165 | D:1      | Gained mutation: You are partially covered in sharp spines.
                  | [demonic ancestry]
   165 | D:1      | Reached XP level 2. HP: 23/23 MP: 2/2
   442 | D:1      | Reached skill level 1 in Armour
   458 | D:1      | Gained mutation: You may rarely emit foul miasma when
                  | damaged in melee. [demonic ancestry]
   458 | D:1      | Reached XP level 3. HP: 28/28 MP: 3/3
   821 | D:2      | You fall into a shaft and drop 2 floors!
   829 | D:4      | Noticed Robin
   840 | D:4      | Noticed an ogre
   849 | D:4      | Identified a scroll of acquirement
   849 | D:4      | Acquired a +4 war axe of flaming
   856 | D:4      | Killed from afar by an orc priest

Illustrated notes

Levels and vault maps discovered:
D:1:      ldierk_walled_garden_2, layout_loops_ring,
          shapermc_ecumenical_altar_gd
D:2:      layout_loops_ring
D:4:      layout_rooms, minmay_temple_entry_poolview, minmay_hedge_maze,
          uniq_robin, uniq_blork_the_orc

Skill      XL: |  1  2  3 |
---------------+----------+-----
Dodging        | 1 |  1.7
Armour         | 1 |  1.3
Fighting       | 3 |  3.2
Short Blades   | |  1.7
Throwing       | |  1.7
Stealth        | |  3.6

Action                     || total
---------------------------++-------
  Melee: Dagger            ||    64
         War axe           ||     1
    Use: Scroll            ||     2
   Stab: Sleeping          ||     5
 Armour: Robe              ||    17
  Dodge: Dodged            ||    35

Table legend: (Time is in decaauts)
 A = Elapsed time spent in this place.
 B = Non-inter-level travel time spent in this place.
 C = Inter-level travel time spent in this place.
 D = Time resting spent in this place.
 E = Time spent auto-exploring this place.
 F = Levels seen in this place.
 G = Mean time per level.
                   A        B        C        D        E       F      G
               +--------+--------+--------+--------+--------+-----+--------+
         Total |    850 |    838 |     12 |      0 |    578 |   3 |  283.3 |
       Dungeon |    850 |    838 |     12 |      0 |    578 |   3 |  283.3 |
               +--------+--------+--------+--------+--------+-----+--------+

Top non-repeatable levels by time:
     D:1: 796 daAuts
     D:4: 34 daAuts
     D:2: 19 daAuts
